 Dungeon Crawl Stone Soup version 0.21.1-1-g345015fe64 (webtiles) character file.

182 Lennu the Cudgeler (level 5, 0/46 HPs)
             Began as a Draconian Monk on May 25, 2018.
             Was a Believer of Qazlal.
             Succumbed to a water moccasin's poison
             ... on level 3 of the Dungeon.
             The game lasted 00:05:52 (2602 turns).

Lennu the Cudgeler (Draconian Monk)                 Turns: 2602, Time: 00:05:53

Health: 0/46       AC:  5    Str: 11 (14) XL:     5   Next: 35%
Magic:  11/14      EV: 13    Int:  9 (11) God:    Qazlal [**....]
Gold:   112        SH:  3    Dex: 11 (13) Spells: 5/5 levels left

rFire    . . .     SeeInvis .   g - +4 flail
rCold    . . .     Gourm    .   (no shield)
rNeg     . . .     Faith    .   (armour unavailable)
rPois    +         Spirit   .   (helmet restricted)
rElec    .         Reflect  .   (no cloak)
rCorr    .         Harm     .   (no gloves)
MR       .....                  (no boots)
Stlth    +.........             (no amulet)
HPRegen  0.15/turn              j - ring of magical power
MPRegen  0.14/turn              l - ring of poison resistance

@: lethally poisoned (0 -> -6)
A: unfitting armour, cold-blooded, AC +5
a: Upheaval, Renounce Religion


You were on level 3 of the Dungeon.
You worshipped Qazlal.
Qazlal was pleased with you.
You were not hungry.

You visited 1 branch of the dungeon, and saw 3 of its levels.

You collected 112 gold pieces.

Inventory:

Hand Weapons
 a - a +0 mace
 g - a +4 flail (weapon)
Jewellery
 j - a ring of magical power (left hand)
 l - a ring of poison resistance (right hand)
Scrolls
 c - 3 scrolls of remove curse {unknown}
 e - 2 scrolls of blinking {unknown}
 f - a scroll of teleportation {unknown}
 h - a scroll of identify {unknown}
Potions
 k - a potion of degeneration
Comestibles
 b - 8 rations
 d - 6 chunks of flesh


   Skills:
 * Level 4.1 Fighting
 * Level 4.7 Maces & Flails
 * Level 3.4 Dodging
 - Level 2.0 Stealth
 * Level 0.5 Spellcasting
 * Level 0.9 Invocations


You had 5 spell levels left.
You didn't know any spells.

Dungeon Overview and Level Annotations

Branches:
Dungeon (3/15)

Altars:
Dithmenos
Makhleb
Qazlal
Vehumet

Annotations:
D:3 1 transporter, Jessica


Innate Abilities, Weirdness & Mutations

Your plain brown scales are hard. (AC +5)
You cannot fit into any form of body armour.
You are cold-blooded and may be slowed by cold attacks.


Message History

You feel sick.
Jessica gestures wildly while chanting.
Jessica blinks!
You see here 15 gold pieces.
You feel sick. The water moccasin bites you.
* * * LOW HITPOINT WARNING * * *
* * * LOW HITPOINT WARNING * * *
You feel sick.
* * * LOW HITPOINT WARNING * * *
You feel sick.
The water moccasin bites you but does no damage.
* * * LOW HITPOINT WARNING * * *
You feel sick.
* * * LOW HITPOINT WARNING * * *
You feel sick. The water moccasin bites you.
* * * LOW HITPOINT WARNING * * *
* * * LOW HITPOINT WARNING * * *
You feel sick.
You die...

......#....##...........
...........##.......#...
..).....................
..............†.....#..#
)..####......#.......#.#
...# #......#...###.#.#
...####......#..<# .#
...##........#...#
...##........#..@#
...##........#...#
...##........#..S###.#
#####........#.......#
#........#..######.
#........#.@.......
##...###.##.####### ....
#.##.####...
.....##...$.......


You could see a water moccasin and Jessica.

Vanquished Creatures
  Terence (D:2)
  An iguana (D:3)
  5 adders
  4 worms (D:2)
  A dart slug (D:2)
  7 leopard geckos
  A ball python (D:3)
  8 giant cockroaches
  7 goblins
  5 hobgoblins
  4 jackals (D:2)
  6 kobolds
  2 quokkas (D:2)
  5 bats
  6 frilled lizards
  4 rats
67 creatures vanquished.

Notes
Turn   | Place    | Note
-------+----------+-------------------------------------------
     0 | D:1      | Lennu the Draconian Monk began the quest for the Orb.
     0 | D:1      | Reached XP level 1. HP: 19/19 MP: 1/1
   293 | D:1      | Reached XP level 2. HP: 23/26 MP: 2/2
   838 | D:2      | Reached XP level 3. HP: 10/33 MP: 3/3
  1271 | D:2      | Found a radiant altar of Vehumet.
  1283 | D:2      | Found a stormy altar of Qazlal.
  1317 | D:2      | Found a shadowy altar of Dithmenos.
  1322 | D:2      | Became a worshipper of Qazlal Stormbringer
  1322 | D:2      | Reached * piety under Qazlal
  1322 | D:2      | Reached ** piety under Qazlal
  1362 | D:2      | Reached XP level 4. HP: 28/40 MP: 4/4
  1490 | D:2      | Noticed Terence
  1506 | D:2      | Killed Terence
  1695 | D:2      | Found a burning altar of Makhleb.
  2288 | D:3      | Reached XP level 5. HP: 37/46 MP: 5/5
  2396 | D:3      | Noticed a phantom
  2467 | D:3      | Found a transporter.
  2579 | D:3      | Noticed a water moccasin
  2579 | D:3      | Noticed Jessica
  2600 | D:3      | HP: 1/46 [water moccasin (6)]
  2602 | D:3      | Succumbed to a water moccasin's poison

Skill      XL: |  1  2  3  4 |
---------------+-------------+-----
Dodging        | 3 |  3.4
Stealth        | 2 |  2.0
Maces & Flails | 4 |  4.7
Fighting       | 4 |  4.1
Spellcasting   | |  0.5
Invocations    | |  0.9

Action                   |  1- 3 |  4- 6 || total
-------------------------+-------+-------++-------
Melee: Mace              |   118 |    37 ||   155
       Tailslap          |     7 |    10 ||    17
       Flail             |       |    60 ||    60
Invok: Upheaval          |       |     1 ||     1
  Use: Potion            |       |     3 ||     3
  Eat: Chunk             |     2 |     4 ||     6
Armor: Skin              |    37 |    28 ||    65
Dodge: Dodged            |    93 |    73 ||   166
Block: Other             |       |    10 ||    10
